Zazza, neutral female human Wizard -------- |.`.%..| --------- | |......-# |.......| ...- |......|# |........## .............| |......|# |.......|## ----------+-- |......|# |.......+## |......|# ---|-----# -----.--# # # # # # # #### # # ## # ### ###`#### # # ### -|--.-- ## --- ---------- # |.....-###)### ..............| ## |.....| # ........| @k......## .. | |<....| ... ------- ---- Zazza the Conjurer Experience level: 4 Strength: 10 Dexterity: 14 Constitution: 14 Intelligence: 18 Wisdom: 10 Charisma: 11 Health: 0(34) Energy: 0(28) Def: 2 Gold: 11 Moves: 1919 Dungeon seed: b24ml8CENJGkBlfe Game ID: Zazza_1576425638 Your Inventory: Coins $ - 11 gold pieces Weapons a - a blessed +1 quarterstaff t - a +0 knife (weapon in hand) I - a +0 dagger Armor e - an uncursed +0 cloak of magic resistance (being worn) r - an uncursed +0 pair of leather gloves (being worn) z - a cursed -1 leather jacket (being worn) Comestibles o - an uncursed tripe ration D - an uncursed food ration E - an uncursed slime mold F - an uncursed apple Scrolls i - a blessed scroll of identify j - an uncursed scroll of light k - an uncursed scroll of earth p - an uncursed scroll of identify s - a cursed scroll of light w - a cursed scroll of scare monster H - an uncursed scroll of teleportation Spellbooks l - a blessed spellbook of force bolt m - an uncursed spellbook of magic missile B - an uncursed spellbook of slow monster Potions h - an uncursed potion of gain level G - an uncursed potion of booze Rings c - an uncursed ring of regeneration d - an uncursed ring of polymorph Wands b - a wand of probing (0:4) Tools q - an uncursed tin whistle y - an uncursed skeleton key A - an uncursed magic whistle Spells and supernatural/magical abilities: Name Level Category Fail Memory a - force bolt 1 attack 0% 91% m - magic missile 2 attack 0% 91% W - pray for help -- divine ? -- Your skills at the end: Fighting Skills Weapon Skills quarterstaff [Basic] Spellcasting Skills attack spells [Basic] enchantment spells [Basic] Final Attributes: You were piously aligned. You were magic-protected. You are dead. Vanquished creatures: a floating eye a kitten a homunculus an iguana an acid blob a coyote 2 hobbits a manes a brown mold a jackal a fox 4 kobolds 2 goblins 5 grid bugs 2 lichens a kobold zombie 7 newts 33 creatures vanquished. Voluntary challenges: You used a wielded weapon 33 times, starting on turn 280. You read items or engraved 2 times, starting on turn 1055. You never genocided any monsters. You never polymorphed an object. You never changed form. You used no wishes. You never split a pudding. You wrote Elbereth's name 1 time, starting on turn 1790. You never violated your personal moral code. Dungeon overview: The Dungeons of Doom: levels 1 to 4 Level 1 a fountain a long staircase Level 2 a fountain, a sink a long staircase Level 3 a general store Level 4 <- You were here History has recorded: On T:1 you entered the Dungeons of Doom to retrieve the Amulet of Yendor! On T:491 you advanced to experience level 2. On T:701 you reached level 2 of The Dungeons of Doom. On T:1050 you reached level 3 of The Dungeons of Doom. On T:1199 you advanced to experience level 3. On T:1669 you advanced to experience level 4. On T:1741 you reached level 4 of The Dungeons of Doom. Score breakdown: Gold: 11 ( 3671 points) Experience: 4 levels ( 9649 points) Exploration: 4 levels ( 8.89%) ( 7833 points) Discoveries: 4 items ( 1.39%) ( 3541 points) Valuables value: (no points given unless you survive) Artifact value: 0 ( 0 points) Variety of kills: 17 monsters ( 4.46%) ( 6336 points) Turncount: 1919 turns ( 0 points) Survival: died (score multiplied by 80%) Total score: 24824 Latest messages: You miss the hobbit. The large kobold throws a dart! You are almost hit by a dart. The hobbit hits! The large kobold throws a dart! You are hit by a dart. The large kobold throws a dart! The dart hits the hobbit. The spell hits it. You kill it! There are a few objects here. You miss the large kobold. (2x) The large kobold hits! You hit the large kobold. You miss the large kobold. The large kobold hits! You hit the large kobold. (2x) The large kobold hits! You miss the large kobold. (2x) The large kobold hits! You miss the large kobold. (2x) The large kobold hits! You die... Final status: Goodbye Zazza the Wizard, killed by a large kobold... You died in The Dungeons of Doom on dungeon level 4 with 24824 points, and 11 pieces of gold, after 1919 moves. You were level 4 with a maximum of 34 hit points when you died.